 Dungeon Crawl Stone Soup version 0.20-a0-839-gdaf5c57 (webtiles) character file.

14940 4thArraOfDagon the Basher (level 11, -3/79 HPs)
             Began as a Mummy Wanderer on Mar 8, 2017.
             Was an Initiate of Gozag.
             Slain by a white ugly thing (24 damage)
             ... on level 13 of the Dungeon.
             The game lasted 00:29:04 (7505 turns).

4thArraOfDagon the Basher (Mummy Wanderer)          Turns: 7505, Time: 00:29:05

Health: -3/79      AC: 16    Str: 17    XL:     11   Next: 95%
Magic:  11/11      EV: 15    Int: 18    God:    Gozag
Gold:   1802       SH:  0    Dex: 18    Spells: 8/10 levels left

rFire    x . .     SeeInvis .   A - +8 war axe of 4thArraOfDagon's Doom {chop, rC- Dex+8}
rCold    . . .     Gourm    .   h - +3 ring mail
rNeg     + + +     Faith    +   (no shield)
rPois    ∞         Spirit   .   k - +0 helmet
rElec    .         Reflect  .   n - +0 cloak
rCorr    .         Harm     .   B - +2 pair of gloves
MR       ++...                  D - +0 pair of boots
Stlth    +.........             j - amulet of faith
Regen    0.3/turn               u - ring of protection from magic
MPRegen  0.2/turn               I - +3 ring of intelligence

@: no status effects
A: no food or potions, fire vulnerability, cold resistance 1, negative energy
resistance 3, torment resistance, unbreathing
a: Potion Petition, Call Merchant, Bribe Branch, Renounce Religion


You were on level 13 of the Dungeon.
You worshipped Gozag.
Gozag was most pleased with you.
You were not hungry.

You visited 1 branch of the dungeon, and saw 14 of its levels.

You collected 2132 gold pieces.
You spent 290 gold pieces at shops.
You paid 40 gold pieces to Gozag.

Inventory:

Hand Weapons
 a - a +2 hand crossbow
 l - a +5 flail of draining
 A - the +8 war axe of 4thArraOfDagon's Doom (weapon) {chop, rC- Dex+8}
   (You found it on level 10 of the Dungeon)

   It inflicts extra damage upon your enemies.
   It affects your dexterity (+8).
   It makes you vulnerable to cold.
Missiles
 b - 100 bolts
Armour
 c - a +0 ring mail
 h - a +3 ring mail (worn)
 k - a +0 helmet (worn)
 n - a +0 cloak (worn)
 B - a +2 pair of gloves (worn)
 D - a +0 pair of boots (worn)
Jewellery
 e - an uncursed ring of flight
 j - an amulet of faith (around neck)
 u - a ring of protection from magic (right hand)
 v - an uncursed ring of teleportation
 I - a +3 ring of intelligence (left hand)
Wands
 f - a wand of iceblast (5/15)
 o - a wand of acid (0/15)
 w - a wand of random effects (20/48)
 y - a wand of confusion (15/48)
 H - a wand of acid (12/15)
Scrolls
 d - 6 scrolls of teleportation
 g - 4 scrolls of blinking
 i - 3 scrolls of identify
 m - a scroll of immolation
 p - 2 scrolls of noise
 q - 4 scrolls of remove curse
 r - a scroll of enchant weapon
 s - 2 scrolls of magic mapping
 x - a scroll of vulnerability
 z - a scroll of acquirement
 E - a scroll of fear {unknown}
 F - a scroll of brand weapon
 G - a scroll of recharging
 J - a scroll of enchant armour {unknown}
Miscellaneous
 C - a fan of gales


   Skills:
 - Level 5.0 Fighting
 * Level 5.7(9.1) Axes
 - Level 10.9(11.4) Maces & Flails
 - Level 4.2 Crossbows
 + Level 6.5 Armour
 + Level 6.4 Dodging
 - Level 1.0 Stealth
 - Level 1.5 Unarmed Combat
 - Level 1.0 Evocations


You had 8 spell levels left.
You knew the following spells:

 Your Spells              Type           Power        Failure   Level  Hunger
a - Blink                 Tloc           N/A          58%         2    N/A

Dungeon Overview and Level Annotations

Branches:
Dungeon (14/15)            Temple (0/1) D:4            Lair (0/6) D:9
    Orc (0/2) D:10
 Vaults: D:13-14

Altars:
Cheibriados
Elyvilon
Fedhas
Gozag
Qazlal
Vehumet
Yredelemnul
Zin

Shops:
D:11 ?   D:12 %

Annotations:
D:5 Duvessa
D:11 4thArraOfDagon's ghost, novice NaWn


Innate Abilities, Weirdness & Mutations

You do not eat or drink.
Your flesh is vulnerable to fire.
You are immune to poison.
Your flesh is cold resistant. (rC+)
You are immune to negative energy. (rN+++)
You are immune to unholy pain and torment.
You can survive without breathing.


Message History

Unknown command.
You hear the loud crackling of a melting archway nearby.
Things that are here:
a dagger; 21 stones; a dagger You see here a stone.
There is an open door here.
You start resting.
You hear the loud crackling of a distant melting archway.
Unknown command.
You open the door.
A white ugly thing comes into view.
The white ugly thing gurgles horribly!
The white ugly thing tentacle-slaps you but does no damage.
There is an open door here.
Unknown command.
The white ugly thing tentacle-slaps you!
* * * LOW HITPOINT WARNING * * *
The white ugly thing freezes you!!
You die...
Your body crumbles into a pile of gold.

,,,,,,,,>***,,,,....,,*****,,,**
≈≈≈.,,,,,* *,,,,...,,,* *****
≈≈≈≈≈≈,,,* *,,,,...,,,* ###
≈≈≈;≈≈≈*** *,,,,..,,,,* #.#
≈≈≈≈≈≈** *****'#***** #.# ≈≈≈#***
##.# #.# ..#* #..# #.# .#*
####u####### ###.###
.###########....@.....# #......
...........#..........# #.....!
.#########.'..........#####......
## ###..........#..).......
#..........#(###......
#..........'.# #......
#..........### #...!..
############ #####.. #[.


You could see a white ugly thing.

Vanquished Creatures
  4 two-headed ogres
  An unseen horror (D:11)
  2 ugly things (D:12)
  A manticore (D:11)
  A cyclops (D:10)
  3 centaur zombies
  A gargoyle (D:13)
  A hornet (D:10)
  A polar bear (D:13)
  A troll (D:11)
  Grinder (D:6)
  3 slime creatures (D:9)
  2 hippogriffs
  6 yaks
  A centaur simulacrum (D:13)
  A shadow (D:12)
  A wyvern (D:11)
  A basilisk (D:12)
  A steam dragon (D:12)
  A hungry ghost (D:9)
  Menkaure (D:6)
  Edmund (D:4)
  3 water moccasins
  4 ice beasts
  4 orc warriors
  A hornet zombie (D:11)
  5 phantoms
  4 centaurs
  6 ogres
  2 big kobolds
  4 bullfrogs
  A wyvern zombie (D:11)
  A gnoll sergeant (D:7)
  Dowan (D:5)
  2 scorpions
  15 killer bees
  8 wights
  7 howler monkeys
  4 crimson imps
  A bullfrog zombie (D:13)
  A wyvern simulacrum (D:13)
  2 hounds
  2 jellies
  2 bullfrog skeletons
  5 orc wizards
  Crazy Yiuf (D:6)
  5 iguanas
  3 worker ants
  2 hound skeletons
  8 gnolls
  9 adders
  2 white imps (D:13)
  A worker ant simulacrum (D:11)
  An ufetubus (D:13)
  3 worms
  A dart slug (D:1)
  3 leopard geckos
  49 orcs
  A ball python (D:1)
  3 giant cockroaches
  4 goblins
  3 hobgoblins
  7 jackals
  8 kobolds
  4 quokkas
  3 bats
  5 frilled lizards
  A jackal skeleton (D:5)
  A leopard gecko zombie (D:6)
  A quokka skeleton (D:6)
  A quokka zombie (D:4)
  7 rats
258 creatures vanquished.

Notes
Turn   | Place    | Note
-------+----------+-------------------------------------------
     0 | D:1      | 4thArraOfDagon the Mummy Wanderer began the quest for the Orb.
     0 | D:1      | 4thArraOfDagon set off with: a +2 hand crossbow, 21 bolts, a +0 ring mail, a scroll of teleportation
     0 | D:1      | Reached XP level 1. HP: 15/15 MP: 1/1
    44 | D:2      | Reached XP level 2. HP: 21/21 MP: 2/2
   128 | D:3      | Found an opulent altar of Gozag.
   156 | D:3      | Reached XP level 3. HP: 19/26 MP: 3/3
   317 | D:2      | Found a stormy altar of Qazlal.
   386 | D:2      | Reached XP level 4. HP: 32/32 MP: 4/4
   613 | D:3      | Became a worshipper of Gozag Ym Sagoz the Greedy
   648 | D:3      | Found a radiant altar of Vehumet.
   670 | D:3      | Found a basalt altar of Yredelemnul.
   706 | D:3      | Found a snail-covered altar of Cheibriados.
   863 | D:3      | Reached XP level 5. HP: 26/39 MP: 5/5
  1135 | D:4      | Noticed a phantom
  1162 | D:4      | Killed a phantom
  1162 | D:4      | Reached XP level 6. HP: 39/48 MP: 6/6
  1236 | D:4      | Noticed Edmund
  1255 | D:4      | Killed Edmund
  1255 | D:4      | Reached skill level 5 in Fighting
  1598 | D:4      | Reached skill level 1 in Maces & Flails
  1598 | D:4      | Reached XP level 7. HP: 38/56 MP: 7/7
  1760 | D:4      | Reached skill level 2 in Maces & Flails
  1987 | D:4      | Reached skill level 3 in Maces & Flails
  2121 | D:4      | Found a staircase to the Ecumenical Temple.
  2166 | D:5      | Entered Level 5 of the Dungeon
  2190 | D:5      | Reached skill level 4 in Maces & Flails
  2321 | D:5      | Noticed Duvessa
  2321 | D:5      | Noticed Dowan
  2339 | D:5      | Killed Dowan
  2339 | D:5      | Reached skill level 5 in Maces & Flails
  2339 | D:5      | Reached XP level 8. HP: 60/62 MP: 8/8
  2453 | D:6      | Noticed Menkaure
  2463 | D:6      | Killed Menkaure
  2467 | D:6      | Noticed Grinder
  2472 | D:6      | Killed Grinder
  2472 | D:6      | Reached skill level 6 in Maces & Flails
  2594 | D:6      | Reached skill level 7 in Maces & Flails
  2767 | D:6      | Found a runed door.
  2771 | D:6      | Noticed Crazy Yiuf
  2777 | D:6      | Killed Crazy Yiuf
  2777 | D:6      | Reached XP level 9. HP: 52/68 MP: 9/9
  2873 | D:6      | Found a glowing silver altar of Zin.
  2911 | D:7      | Reached skill level 8 in Maces & Flails
  3074 | D:7      | Found a white marble altar of Elyvilon.
  3372 | D:8      | Noticed a two-headed ogre
  3385 | D:8      | Killed a two-headed ogre
  3385 | D:8      | Reached skill level 9 in Maces & Flails
  3742 | D:8      | Noticed a two-headed ogre
  3758 | D:8      | Killed a two-headed ogre
  3937 | D:8      | Reached XP level 10. HP: 73/74 MP: 10/10
  4075 | D:9      | Noticed a two-headed ogre
  4085 | D:9      | Killed a two-headed ogre
  4085 | D:9      | Reached skill level 10 in Maces & Flails
  4501 | D:9      | Found a staircase to the Lair.
  4561 | D:10     | Entered Level 10 of the Dungeon
  4561 | D:10     | Noticed a cyclops
  4568 | D:9      | Noticed a two-headed ogre
  4589 | D:9      | Killed a two-headed ogre
  4803 | D:10     | Found a staircase to the Orcish Mines.
  4860 | D:10     | Learned a level 2 spell: Blink
  4994 | D:10     | Reached skill level 5 in Armour
  5102 | D:10     | Got a shimmering war axe
  5103 | D:10     | Identified the +8 war axe of 4thArraOfDagon's Doom {chop, rC- Dex+8} (You found it on level 10 of the Dungeon)
  5229 | D:11     | Reached XP level 11. HP: 70/79 MP: 11/11
  5271 | D:10     | Reached skill level 5 in Dodging
  5297 | D:10     | Reached skill level 1 in Axes
  5391 | D:12     | Noticed a green ugly thing
  5403 | D:12     | Killed a green ugly thing
  5447 | D:12     | Found Naka Fosm's Food Boutique.
  5484 | D:11     | Noticed a purple ugly thing
  5493 | D:12     | Killed a purple ugly thing
  5514 | D:12     | Identified a scroll of acquirement
  5537 | D:12     | Noticed a brown ugly thing
  5618 | D:11     | Found Konkeu Myff's Magic Scroll Boutique.
  5626 | D:11     | Bought a scroll of blinking for 75 gold pieces
  5626 | D:11     | Bought a scroll of teleportation for 30 gold pieces
  5626 | D:11     | Bought a scroll of teleportation for 30 gold pieces
  5626 | D:11     | Bought a scroll of blinking for 75 gold pieces
  5626 | D:11     | Bought a scroll of identify for 20 gold pieces
  5626 | D:11     | Bought a scroll of identify for 20 gold pieces
  5626 | D:11     | Bought a scroll of identify for 20 gold pieces
  5626 | D:11     | Bought a scroll of identify for 20 gold pieces
  5871 | D:11     | Killed an unseen horror
  5912 | D:11     | Noticed 4thArraOfDagon's ghost (novice NaWn)
  6288 | D:12     | Found a blossoming altar of Fedhas.
  6471 | D:12     | SolarFlare: Huh. What tile is that?
  6874 | D:12     | Noticed a five-headed hydra
  6950 | D:13     | Reached skill level 5 in Axes
  7193 | D:13     | SolarFlare: some kind of iron sheep?
  7406 | D:13     | murphy: it's from desolation of salt
  7420 | D:14     | murphy: dunno the name
  7436 | D:14     | Noticed a purple ugly thing
  7438 | D:14     | Noticed a purple ugly thing
  7449 | D:13     | SolarFlare: oh hey there's acid dragons
  7504 | D:13     | Noticed a white ugly thing
  7504 | D:13     | SolarFlare: those sound lethal
  7505 | D:13     | Slain by a white ugly thing

Vault maps used:
D:1:      saegor_arrival_simple_c, serial_corexii_hall, corexii_hall_statues_i,
          corexii_hall_statues_i, corexii_hall_statues_deadend,
          corexii_hall_statues_x
D:2:      nicolae_qazlal_eye_of_the_storm
D:3:      nicolae_overflow_quartered_altars
D:4:      temple_fountains, first_bread, uniq_edmund
D:5:      uniq_duvessa
D:6:      zin_treasury, uniq_grinder, uniq_crazy_yiuf_cottage, uniq_menkaure
D:7:      old_standard_altar
D:8:      kennysheep_big_empty_room
D:9:      lair_entry_dummy
D:10:     orc_0_dummy, hangedman_fish_farm, minmay_fountain_box,
          minmay_misc_feat_nine_boxes
D:11:     serial_shops, shop, hangedman_weighted_door, eino_jars
D:12:     serial_shops, shop, fedhas_altar_4
D:13:     serial_ice, serial_ice_h, serial_ice_l, serial_ice_d, serial_ice_c,
          serial_ice_a, portal_ice_cave_entry_animals_and_master, uniq_nessos
D:14:     grunt_vaults_entry_fortified, uniq_agnes, uniq_azrael

Skill      XL: |  1  2  3  4  5  6  7  8  9 10 11 |
---------------+----------------------------------+-----
Crossbows      | 2 3 4 |  4.2
Fighting       | 2 4 5 |  5.0
Maces & Flails | 1 5 7 9 10 | 10.9
Armour         | 3 5 6 |  6.5
Dodging        | 3 4 6 |  6.4
Axes           | 5 |  5.7
Stealth        | |  1.0
Unarmed Combat | |  1.5
Evocations     | |  1.0

Action                   |  1- 3 |  4- 6 |  7- 9 | 10-12 || total
-------------------------+-------+-------+-------+-------++-------
Melee: Flail             |    15 |    89 |   247 |   152 ||   503
       Punch             |       |     2 |       |     1 ||     3
       War axe           |       |       |       |   285 ||   285
 Fire: Hand crossbow     |    47 |    53 |    53 |    31 ||   184
Throw: Throwing net      |       |       |       |     2 ||     2
Invok: Potion Petition   |       |     1 |       |       ||     1
Evoke: Wand              |       |       |     4 |    16 ||    20
  Use: Scroll            |     2 |     2 |     6 |    12 ||    22
 Stab: Sleeping          |       |       |       |     2 ||     2
       Distracted        |       |       |       |     4 ||     4
       Held in net/web   |       |       |       |     3 ||     3
Armor: Ring mail         |    15 |    54 |   107 |   179 ||   355
Dodge: Dodged            |    27 |    63 |   105 |   304 ||   499
